 Dungeon Crawl Stone Soup version 0.27-a0-836-gfc908b8576 (webtiles) character file.

Game seed: 7306707127536577187

233 funkygono the Magician (level 6, 0/42 HPs)
             Began as a Djinni Fire Elementalist on Apr 1, 2021.
             Slain by a river rat (7 damage)
             ... in a sewer.
             The game lasted 00:06:26 (3324 turns).

funkygono the Magician (Djinni Fire Elementalist)   Turns: 3324, Time: 00:06:26

Health: 0/42       AC:  2    Str:  7    XL:     6   Next: 5%
Gold:   120        EV: 13    Int: 19    God:
                   SH:  0    Dex: 13

rFire    + + +     SeeInvis .   c - +2 dagger (venom)
rCold    x . .     Faith    .   (no shield)
rNeg     . . .     Spirit   .   a - +0 robe
rPois    ∞         Reflect  .   (no helmet)
rElec    .         Harm     .   (no cloak)
rCorr    .         Rampage  .   (no gloves)
Will     .....                  (boots unavailable)
Stlth    ++........             (no amulet)
HPRegen  0.14/turn              j - ring of protection from fire
MPRegen  0.00/turn              (no ring)

@: flying
A: fire resistance 2, cold vulnerability 1, float, innate caster, hp casting,
extra vitality 1
a: no special abilities


You were in a sewer.
You visited 1 branch of the dungeon, and saw 3 of its levels.
You also visited: Sewer.

You collected 120 gold pieces.

Inventory:

Hand Weapons
 c - a +2 dagger of venom (weapon)
 i - a +2 club of freezing
Armour
 a - a +0 robe (worn)
Jewellery
 j - a ring of protection from fire (left hand)
Potions
 e - a potion of brilliance {unknown}
 g - a potion of lignification {unknown}
 h - 2 potions of curing {unknown}


   Skills:
 + Level 1.0 Fighting
 + Level 0.2 Short Blades
 * Level 3.1 Dodging
 - Level 1.5 Stealth
 * Level 5.1 Spellcasting


You couldn't memorise any spells.
You knew the following spells:

 Your Spells              Type           Power      Damage    Failure   Level
a - Foxfire               Conj/Fire      96%        2x1d8     1%          1
b - Conjure Flame         Conj/Fire      24%        6-21      4%          3
c - Inner Flame           Hex/Fire       24%        N/A       4%          3
d - Sticky Flame          Conj/Fire      24%        2d5       14%         4
e - Fireball              Conj/Fire      12%        3d7       38%         5
f - Sting                 Tmut/Pois      96%        1d7       1%          1
g - Wereblood             Tmut           24%        N/A       2%          2
Your spell library was empty.

Dungeon Overview and Level Annotations

Branches:
Dungeon (3/15)              Sewer (1/1)

Altars:
Ashenzari

Shops:
D:1 [   D:2 ?


Innate Abilities, Weirdness & Mutations

You are immune to poison.
Your flesh is very heat resistant. (rF++)
You are vulnerable to cold. (rC-)
You float through the air rather than walking.
You learn spells naturally, not from books.
Your magical power is your life essence.
You have superior vitality. (+4 HP)


Message History

The river rat is severely wounded.
The river rat bites you.
You closely miss the river rat.
The river rat is almost dead.
The river rat bites you! The river rat closely misses you.
You hit the river rat but do no damage.
The river rat is almost dead.
You kill the river rat!
The river rat bites you!
* * * LOW HITPOINT WARNING * * *
You feel much better. The rat bites you. The river rat bites you.
You hit the rat.
The rat is severely wounded.
The rat bites you. The river rat bites you.
You barely miss the rat.
The rat is severely wounded.
The rat bites you.
The river rat twitches its whiskers.
The river rat bites you.
You hit the rat.
You kill the rat!
The rat twitches its whiskers.
The river rat misses you.
You closely miss the rat. The rat bites you. The river rat bites you.
You closely miss the rat. The rat barely misses you.
The river rat barely misses you.
You hit the rat but do no damage.
The rat is poisoned.
You kill the rat!
The river rat bites you.
* * * LOW HITPOINT WARNING * * *
Casting: Sting (safe; 1% risk of failure)
Confirm with . or Enter, or press ? or * to list all spells.
Aiming: Sting (safe; 1% risk of failure)
Press: ? - help, Shift-Dir - straight line, f - river rat
Aim: a river rat (27% to evade)
The sting misses the river rat.
The sting hits the rat.
The rat is poisoned.
You kill the rat!
* * * LOW HITPOINT WARNING * * *
The river rat bites you!
You die...

###
#.#
#.#
#.#
#.#
#∩#
#r#
#@#
#†#
#.#
#.#
#.#
#.#
#.#
#≈#


You could see a river rat.

Vanquished Creatures
  Jessica (D:2)
  Natasha (D:3)
  2 orc wizards (D:3)
  A hound skeleton (D:2)
  2 adders (D:3)
  A gnoll (D:1)
  A river rat (Sewer)
  2 worms (D:2)
  2 dart slugs (D:2)
  4 orcs (D:3)
  10 ball pythons
  4 bats
  2 endoplasms (D:1)
  3 giant cockroaches
  5 goblins
  6 hobgoblins
  4 jackals (D:1)
  7 quokkas
  5 kobolds
  9 rats
72 creatures vanquished.

Vanquished Creatures (others)
  158 foxfires
158 creatures vanquished.

Grand Total: 230 creatures vanquished

Notes
Turn   | Place    | Note
-------+----------+-------------------------------------------
     0 | D:1      | funkygono the Djinni Fire Elementalist began the quest for
                  | the Orb.
     0 | D:1      | Reached XP level 1. HP: 15/15 MP: 0/0
   209 | D:1      | Reached skill level 3 in Spellcasting
   326 | D:1      | Reached XP level 2. HP: 17/21 MP: 0/0
  1380 | D:1      | Reached XP level 3. HP: 17/25 MP: 0/0
  1380 | D:1      | Learned a level 1 spell: Sting
  1737 | D:1      | Found Jezinuesm's Armour Shoppe.
  2067 | D:2      | Noticed Jessica
  2070 | D:2      | Killed Jessica
  2071 | D:2      | Reached skill level 4 in Spellcasting
  2071 | D:2      | Reached XP level 4. HP: 28/31 MP: 0/0
  2192 | D:2      | Found Bekhluf's Magic Scroll Shop.
  2790 | D:3      | Found a broken altar of Ashenzari.
  2807 | D:3      | Reached XP level 5. HP: 28/36 MP: 0/0
  2807 | D:3      | Learned a level 2 spell: Wereblood
  2824 | D:3      | Reached skill level 1 in Fighting
  3144 | D:3      | Noticed Natasha
  3149 | D:3      | Killed Natasha
  3150 | D:3      | Reached skill level 5 in Spellcasting
  3294 | D:3      | Found a glowing drain.
  3299 | D:3      | Reached XP level 6. HP: 37/42 MP: 0/0
  3306 | Sewer    | Entered a sewer
  3324 | Sewer    | Slain by a river rat

Illustrated notes

Levels and vault maps discovered:
D:1:      sevenhm_arrival_forest_fort_small_5, layout_basic, serial_shops,
          shop_statue
D:2:      layout_rooms, serial_curves, eino_curves_04, eino_curves_04,
          serial_shops, shop_fountains, uniq_jessica
D:3:      layout_basic, portal_sewer_entry_f, chequers_avenue,
          cheibrodos_ashenzari_chains, uniq_natasha
Sewer:    sewer_kobolds

Skill      XL: |  1  2  3  4  5 |
---------------+----------------+-----
Spellcasting   | 3 4 5 |  5.1
Dodging        | 3 |  3.1
Fighting       | 1 |  1.0
Short Blades   | |  0.2
Stealth        | |  1.5

Action                   |  1- 3 |  4- 6 || total
-------------------------+-------+-------++-------
Melee: Short sword       |    10 |       ||    10
       Dagger            |       |    15 ||    15
 Cast: Foxfire           |    43 |    61 ||   104
       Sting             |     6 |     9 ||    15
  Use: Scroll            |     4 |     2 ||     6
       Potion            |       |     1 ||     1
Armor: Robe              |     5 |     2 ||     7
Dodge: Dodged            |    22 |    21 ||    43

Table legend: (Time is in decaauts)
 A = Elapsed time spent in this place.
 B = Non-inter-level travel time spent in this place.
 C = Inter-level travel time spent in this place.
 D = Time resting spent in this place.
 E = Time spent auto-exploring this place.
 F = Levels seen in this place.
 G = Mean time per level.
                   A        B        C        D        E       F      G
               +--------+--------+--------+--------+--------+-----+--------+
         Total |   3322 |   3294 |     28 |    302 |   2408 |   4 |  830.5 |
       Dungeon |   3304 |   3276 |     28 |    302 |   2408 |   3 | 1101.3 |
         Sewer |     17 |     17 |      0 |      0 |      0 |   1 |   17.0 |
               +--------+--------+--------+--------+--------+-----+--------+

Top non-repeatable levels by time:
     D:1: 2066 daAuts
     D:2: 705 daAuts
     D:3: 532 daAuts
   Sewer: 17 daAuts
